 Dungeon Crawl Stone Soup version 0.21.0-3-g78d12a8 (webtiles) character file.

12577 Inkary the Fighter (level 11, 0/105 HPs)
             Began as a Minotaur Berserker on Jan 13, 2018.
             Was a High Priest of Trog.
             Slain by a five-headed hydra (1 damage)
             ... on level 10 of the Dungeon.
             The game lasted 00:20:09 (8711 turns).

Inkary the Fighter (Minotaur Berserker)             Turns: 8711, Time: 00:20:09

Health: 0/105      AC:  9    Str: 23    XL:     11   Next: 64%
Magic:  10/10      EV: 22    Int:  4    God:    Trog [*****.]
Gold:   440        SH:  0    Dex: 12    Spells: 10/10 levels left

rFire    . . .     SeeInvis .   a - +4 great sword
rCold    . . .     Gourm    .   (shield currently unavailable)
rNeg     . . .     Faith    .   D - +0 troll leather armour
rPois    .         Spirit   .   (helmet restricted)
rElec    .         Reflect  .   (no cloak)
rCorr    .         Harm     .   (no gloves)
MR       .....                  k - +2 pair of boots
Stlth    +.........             (no amulet)
HPRegen  0.67/turn              y - +5 ring of evasion
MPRegen  0.12/turn              s - +2 ring of slaying

@: berserk cooldown, slowed, very slow
A: retaliatory headbutt, horns 2
a: Berserk, Trog's Hand, Brothers in Arms, Burn Spellbooks, Renounce Religion


You were on level 10 of the Dungeon.
You worshipped Trog.
Trog was extremely pleased with you.
You were not hungry.

You visited 1 branch of the dungeon, and saw 11 of its levels.
You also visited: Sewer.

You collected 512 gold pieces.
You spent 72 gold pieces at shops.

Inventory:

Hand Weapons
 a - a +4 great sword (weapon)
 g - a +1 falchion of slicing
Missiles
 n - 7 javelins of penetration (quivered)
Armour
 k - a +2 pair of boots (worn)
 A - the +1 scale mail "Ganue" {rPois rCorr}
   (You took it off an orc on level 6 of the Dungeon)

   It protects you from poison.
   It protects you from acid and corrosion.
 D - a +0 troll leather armour (worn)
Jewellery
 q - an uncursed ring of resist corrosion
 s - a +2 ring of slaying (right hand)
 y - a +5 ring of evasion (left hand)
 B - an uncursed ring of protection from fire
 E - an uncursed ring of fire {unknown}
Wands
 p - a wand of paralysis (12)
 v - a wand of iceblast (4)
 x - a wand of clouds (4)
Scrolls
 d - 14 scrolls of teleportation
 e - 4 scrolls of magic mapping
 j - 3 scrolls of remove curse
 t - 2 scrolls of identify
 w - a scroll of vulnerability {unknown}
Potions
 b - 4 potions of resistance
 f - a potion of berserk rage
 h - 4 potions of might
 i - 8 potions of curing
 l - a potion of agility
 m - a potion of invisibility
 o - a potion of lignification
 r - 2 potions of ambrosia {unknown}
 u - 3 potions of flight {unknown}
 z - 2 potions of heal wounds
 C - a potion of brilliance
 F - a potion of degeneration {unknown}
Comestibles
 c - 28 rations


   Skills:
 + Level 12.5 Fighting
 - Level 10.8 Long Blades
 + Level 5.9 Throwing
 + Level 10.2 Armour
 + Level 9.4 Dodging


You had 10 spell levels left.
You didn't know any spells.

Dungeon Overview and Level Annotations

Branches:
Dungeon (11/15)            Temple (0/1) D:6            Lair (0/6) D:9
    Orc (0/2) D:10

Altars:
Ashenzari
Cheibriados
Dithmenos
Elyvilon
Fedhas
Qazlal
Trog
Wu Jian
Beogh

Shops:
D:4 !   D:7 *

Annotations:
D:3 1 runed door
D:11 Fannar


Innate Abilities, Weirdness & Mutations

You reflexively headbutt those who attack you in melee.
You have a pair of horns on your head.


Message History

You kill the yak!
Trog accepts your kill.
The four-headed hydra completely misses you.
You furiously retaliate!
You headbutt the four-headed hydra!
The four-headed hydra bites you but does no damage.
The four-headed hydra closely misses you.
The four-headed hydra barely misses you.
Wield which item (- for none, * to show all)? (? for menu, Esc to quit)
Okay, then.
You hack one of the four-headed hydra's heads off!
The three-headed hydra grows two more!
You slash the five-headed hydra!
The five-headed hydra is heavily wounded.
The five-headed hydra barely misses you.
You furiously retaliate!
You headbutt the five-headed hydra!!
The five-headed hydra closely misses you.
The five-headed hydra barely misses you.
The five-headed hydra bites you!
* * * LOW HITPOINT WARNING * * *
The five-headed hydra bites you.
You die...

#.....##.....#...............#...
########.....#......##.......#...
#.....##.....#......##.......#...
#.....##.....#...............#...
#.....#####'##########....(..#...
#.....#..............#.......#...
#.....#..............#.......#...
#.....#..###.....D...'.......'...
##'####..# #...†@....#.......#..#
.........# #....[##..#########..#
.........# #.....##.............#
)..(.....# #.....##.............#
)........# #.....##..............
.........# #.....##..............
.........###.....................
......|..........................
#################################


You could see a five-headed hydra.

Vanquished Creatures
  Harold (D:11)
  4 two-headed ogres
  An ugly thing (D:10)
  The ghost of komo4ek the Slasher, an amateur MiBe of Trog (D:4)
  2 trolls (D:10)
  A queen bee (D:10)
  Grinder (D:3)
  2 hippogriffs
  5 yaks
  The ghost of komo4ek the Chopper, an amateur MiBe of Makhleb (D:3)
  A hungry ghost (D:10)
  Menkaure (D:4)
  A water moccasin (D:6)
  4 orc warriors
  3 ice beasts
  4 sky beasts
  A black bear (D:6)
  4 centaurs
  9 ogres
  2 phantoms
  7 big kobolds
  3 bullfrogs
  3 scorpions
  A water moccasin skeleton (D:6)
  23 killer bees
  9 wights
  2 howler monkeys
  2 crimson imps
  5 bullfrog zombies
  A quasit (D:9)
  A centaur zombie (D:6)
  7 hounds
  A centaur skeleton (D:4)
  7 orc priests
  2 iguanas
  A jelly (D:8)
  A bullfrog skeleton (D:5)
  Natasha (thrice) (D:4)
  7 orc wizards
  4 worker ants
  A hound skeleton (D:5)
  A worker ant zombie (D:10)
  A howler monkey skeleton (D:4)
  13 adders
  4 gnolls (D:2)
  2 river rats
  An ooze (Sewer)
  An adder zombie (D:5)
  2 adder skeletons
  7 worms
  A dart slug (D:2)
  8 leopard geckos
  60 orcs
  5 ball pythons
  8 giant cockroaches
  6 hobgoblins
  6 jackals
  A quokka (D:2)
  5 bats
  5 frilled lizards
  7 goblins
  39 kobolds
  A quokka skeleton (D:6)
  5 rats
329 creatures vanquished.

Notes
Turn   | Place    | Note
-------+----------+-------------------------------------------
     0 | D:1      | Inkary the Minotaur Berserker began the quest for the Orb.
     0 | D:1      | Reached XP level 1. HP: 19/19 MP: 0/0
   175 | D:1      | Reached XP level 2. HP: 17/27 MP: 1/1
   753 | D:1      | Reached skill level 4 in Fighting
  1019 | D:2      | Found a faded altar of an unknown god.
  1114 | D:2      | Reached XP level 3. HP: 30/33 MP: 2/2
  1279 | D:2      | Reached skill level 5 in Long Blades
  1287 | D:2      | Reached ** piety under Trog
  1287 | D:2      | Reached XP level 4. HP: 19/41 MP: 3/3
  1781 | D:2      | Found a blossoming altar of Fedhas.
  1866 | D:3      | Noticed Grinder
  1877 | D:3      | Paralysed by Grinder for 7 turns
  1885 | D:3      | Killed Grinder
  1885 | D:3      | Reached skill level 5 in Fighting
  1885 | D:3      | Reached XP level 5. HP: 25/48 MP: 4/4
  1885 | D:3      | Reached XP level 6. HP: 29/56 MP: 5/5
  2462 | D:3      | Reached skill level 6 in Fighting
  2470 | D:3      | Noticed komo4ek's ghost (amateur MiBe)
  2479 | D:3      | Killed komo4ek's ghost
  2479 | D:3      | Reached XP level 7. HP: 64/64 MP: 6/6
  2489 | D:3      | Found a white marble altar of Elyvilon.
  2489 | D:3      | Found a runed door.
  2489 | D:3      | Noticed an angel
  2651 | D:4      | Found a glowing drain.
  2655 | Sewer    | Entered a sewer
  2760 | Sewer    | Reached *** piety under Trog
  3005 | D:4      | Found Fuel's Distillery.
  3006 | D:4      | Noticed Natasha
  3016 | D:4      | Killed Natasha
  3022 | D:4      | Bought a potion of heal wounds for 50 gold pieces
  3092 | D:4      | Reached skill level 7 in Fighting
  3150 | D:4      | Noticed komo4ek's ghost (amateur MiBe)
  3158 | D:4      | Killed komo4ek's ghost
  3158 | D:4      | Reached skill level 10 in Long Blades
  3158 | D:4      | Reached XP level 8. HP: 73/73 MP: 7/7
  3363 | D:4      | Noticed Menkaure
  3369 | D:4      | Killed Menkaure
  3802 | D:4      | Noticed Natasha
  3806 | D:4      | Killed Natasha
  3961 | D:4      | Noticed Natasha
  3966 | D:4      | Killed Natasha
  4007 | D:5      | Entered Level 5 of the Dungeon
  4022 | D:5      | Found a shattered altar of Ashenzari.
  4030 | D:5      | Reached skill level 8 in Fighting
  4397 | D:5      | Reached XP level 9. HP: 62/82 MP: 8/8
  4580 | D:6      | Reached skill level 9 in Fighting
  4586 | D:6      | Found a staircase to the Ecumenical Temple.
  4693 | D:6      | Reached skill level 5 in Armour
  4696 | D:6      | Reached **** piety under Trog
  4705 | D:6      | Got an ancient scale mail
  4716 | D:6      | Identified the cursed +1 scale mail "Ganue" {rPois rCorr} (You took it off an orc on level 6 of the Dungeon)
  4836 | D:6      | Reached skill level 5 in Dodging
  4883 | D:6      | Found a snail-covered altar of Cheibriados.
  4930 | D:6      | Found a stormy altar of Qazlal.
  4930 | D:6      | Found an ornate altar of the Wu Jian Council.
  4931 | D:6      | Found a bloodstained altar of Trog.
  5253 | D:7      | Reached skill level 10 in Fighting
  5420 | D:7      | Found Cisu's General Store.
  5425 | D:7      | Bought a scroll of identify for 22 gold pieces
  5965 | D:8      | Received a gift from Trog
  5987 | D:8      | Reached XP level 10. HP: 82/94 MP: 9/9
  6276 | D:8      | Found a snail-covered altar of Cheibriados.
  6299 | D:8      | Noticed a two-headed ogre
  6311 | D:8      | Killed a two-headed ogre
  6311 | D:8      | Reached skill level 1 in Throwing
  6483 | D:9      | Found a shadowy altar of Dithmenos.
  6503 | D:9      | Found a staircase to the Lair.
  6527 | D:9      | Reached skill level 11 in Fighting
  6601 | D:9      | Noticed a two-headed ogre
  6606 | D:9      | Killed a two-headed ogre
  6666 | D:9      | Found a stormy altar of Qazlal.
  6802 | D:9      | Reached ***** piety under Trog
  7172 | D:9      | Found a roughly hewn altar of Beogh.
  7330 | D:10     | Entered Level 10 of the Dungeon
  7376 | D:10     | Received a gift from Trog
  7707 | D:10     | Reached XP level 11. HP: 104/104 MP: 10/10
  7920 | D:10     | Found a staircase to the Orcish Mines.
  7988 | D:10     | Noticed a brown ugly thing
  7993 | D:10     | Killed a brown ugly thing
  7999 | D:10     | Noticed a two-headed ogre
  8001 | D:10     | Reached skill level 12 in Fighting
  8004 | D:10     | Killed a two-headed ogre
  8004 | D:10     | Reached skill level 5 in Throwing
  8045 | D:10     | Found a blossoming altar of Fedhas.
  8150 | D:10     | Noticed a two-headed ogre
  8157 | D:10     | Killed a two-headed ogre
  8348 | D:11     | Noticed Fannar
  8545 | D:11     | Received a gift from Trog
  8559 | D:11     | Noticed Harold
  8681 | D:11     | Reached skill level 10 in Armour
  8693 | D:11     | Killed Harold
  8697 | D:11     | Noticed a four-headed hydra
  8711 | D:10     | HP: 1/105 [five-headed hydra (12)]
  8711 | D:10     | Slain by a five-headed hydra

Skill      XL: |  1  2  3  4  5  6  7  8  9 10 11 |
---------------+----------------------------------+-----
Long Blades    | 4 5 7 8 10 | 10.8
Fighting       | 4 5 6 7 8 10 11 12 | 12.5
Armour         | 4 7 9 10 | 10.2
Dodging        | 3 6 8 9 |  9.4
Throwing       | 4 5 |  5.9

Action                   |  1- 3 |  4- 6 |  7- 9 | 10-12 || total
-------------------------+-------+-------+-------+-------++-------
Melee: Falchion          |    53 |    72 |   379 |   134 ||   638
       Headbutt          |    10 |    15 |    80 |    60 ||   165
       Great sword       |       |       |       |   100 ||   100
Throw: Javelin           |       |       |     1 |    12 ||    13
Invok: Berserk           |     1 |     2 |     3 |     8 ||    14
       Trog's Hand       |       |       |     3 |     2 ||     5
       Burn Spellbooks   |       |       |       |     1 ||     1
  Use: Scroll            |       |       |    16 |     1 ||    17
       Potion            |       |       |       |     1 ||     1
 Stab: Sleeping          |       |     1 |     1 |       ||     2
  Eat: Chunk             |       |     6 |    11 |    15 ||    32
       Ration            |       |       |     2 |     2 ||     4
Armor: Animal skin       |     5 |       |       |       ||     5
       Ring mail         |     9 |    26 |    50 |       ||    85
       Scale mail        |       |       |    25 |    65 ||    90
       Troll leather arm |       |       |       |     6 ||     6
Dodge: Dodged            |    42 |    33 |   214 |   318 ||   607
       Rpst.: Falchion   |     8 |    11 |    57 |    35 ||   111
       Great sword       |       |       |       |    41 ||    41
